 Dungeon Crawl Stone Soup version 0.20.1-1-g8b1a95d (webtiles) character file.

7765 Agrougrou the Cleaver (level 11, 86/86 HPs)
             Began as a Demonspawn Monk on July 20, 2017.
             Was a High Priest of Okawaru.
             Quit the game on level 9 of the Dungeon.
             The game lasted 00:35:44 (10141 turns).

Agrougrou the Cleaver (Demonspawn Monk)            Turns: 10141, Time: 00:35:45

Health: 86/86      AC: 27    Str: 15    XL:     11   Next: 1%
Magic:  11/11      EV:  9    Int: 15    God:    Okawaru [*****.]
Gold:   278        SH:  0    Dex: 19    Spells: 10/10 levels left

rFire    + + .     SeeInvis .   d - +0 war axe
rCold    + . .     Gourm    .   (no shield)
rNeg     . . .     Faith    +   H - +10 chain mail of Recklessness {rF+ Regen+ Dex+4}
rPois    .         Spirit   .   C - +0 hat {Int+3}
rElec    +         Reflect  .   n - +0 cloak
rCorr    .         Harm     .   r - +1 pair of gloves
MR       +....                  (no boots)
Stlth    ..........             i - amulet of faith
Regen    0.7/turn               G - ring of protection from magic
MPRegen  0.2/turn               y - ring of protection from fire (curse)

@: no status effects
A: horns 2, molten scales 2, blink, cold resistance 1, foul stench 1, powered by
pain 1, electricity resistance, rot immunity
a: Blink, Heroism, Finesse, Renounce Religion


You were on level 9 of the Dungeon.
You worshipped Okawaru.
Okawaru was extremely pleased with you.
You were not hungry.

You visited 2 branches of the dungeon, and saw 10 of its levels.
You also visited: Sewer.

You collected 421 gold pieces.
You spent 143 gold pieces at shops.

Inventory:

Hand Weapons
 d - a +0 war axe (weapon)
Missiles
 s - 4 tomahawks (quivered)
Armour
 n - a +0 cloak (worn)
 r - a +1 pair of gloves (worn)
 C - a +0 hat of intelligence (worn)
 H - the +10 chain mail of Recklessness (worn) {rF+ Regen+ Dex+4}
   (Okawaru gifted it to you on level 8 of the Dungeon)

   It affects your dexterity (+4).
   It protects you from fire.
   It increases your rate of regeneration.
Jewellery
 i - an amulet of faith (around neck)
 m - a +5 ring of strength
 x - an uncursed ring of fire
 y - a cursed ring of protection from fire (right hand)
 G - a ring of protection from magic (left hand)
Wands
 w - a wand of enslavement (7/24)
 F - a wand of flame (16/48)
 J - a wand of digging (9/24)
Scrolls
 a - 3 scrolls of blinking
 b - a scroll of amnesia
 h - 10 scrolls of teleportation
 k - a scroll of noise
 o - 8 scrolls of remove curse
 p - 3 scrolls of recharging
 A - a scroll of fog
 B - a scroll of fear
 E - 2 scrolls of immolation
Potions
 f - a potion of cancellation
 j - a potion of brilliance
 l - a potion of ambrosia {unknown}
 q - a potion of heal wounds
 u - 2 potions of haste
 v - a potion of curing {unknown}
 z - a potion of agility {unknown}
 D - 2 potions of flight
Comestibles
 c - 9 bread rations
 g - 2 meat rations
 t - 3 chunks of flesh


   Skills:
 + Level 7.9 Fighting
 + Level 11.6 Axes
 + Level 7.4 Armour
 + Level 4.2 Dodging
 - Level 1.7 Stealth
 + Level 0.6 Invocations
 + Level 0.4 Evocations


You had 10 spell levels left.
You didn't know any spells.

Dungeon Overview and Level Annotations

Branches:
Dungeon (9/15)             Temple (1/1) D:7            Lair (0/6) D:9
    Orc: D:9-12

Altars:
Ashenzari
Cheibriados
Dithmenos
Elyvilon
Fedhas
Gozag
Hepliaklqana
Kikubaaqudgha
Makhleb
Nemelex Xobeh
Okawaru
Qazlal
Ru
Sif Muna
Trog
Uskayaw
Vehumet
Xom
Yredelemnul
Zin
The Shining One

Shops:
D:9 ?


Innate Abilities, Weirdness & Mutations

You have a pair of horns on your head.
You are mostly covered in molten scales. (AC +3)
You may emit foul miasma when damaged in melee.
You sometimes gain a little power by taking damage.
You are immune to rotting.
You can translocate small distances at will.
Your flesh is cold resistant. (rC+)
You are resistant to electric shocks. (rElec)


Message History

The hell hound is heavily wounded.
The hell hound bites you but does no damage. x2
You hit the hell hound. You headbutt the hell hound!
The hell hound is almost dead.
The hell hound breathes flames at you. The blast of flame hits you! You resist.
You closely miss the hell hound. Your headbutt misses the hell hound.
The hell hound is almost dead.
The hell hound barely misses you.
The hell hound bites you but does no damage.
You hit the hell hound but do no damage.
The hell hound is almost dead.
The hell hound closely misses you.
You hit the hell hound.
You kill the hell hound!
Okawaru accepts your kill.
You have reached level 11!
Your demonic ancestry asserts itself...
You feel energised by your suffering.
Are you sure you want to abandon this character and quit the game? (Confirm with "yes".)

#....# ...§..
#.#.PP #....#
....≈§§§.. #.#PPP
#....#
..§§≈≈§≈≈...
#.#.P_ #....#
##..≈≈≈§≈§≈.. #.#
.. #....#
...≈≈.>≈≈≈..
######
##..≈≈≈..≈≈..
....≈≈§§.§.#
##+#####†....≈§...
#.......@...§§...#
#...........####.
........#.........
#.......<.........
#................#
#.%..............#
########.#..######
#+#..# ...#


There were no monsters in sight!

Vanquished Creatures
  Gastronok (D:8)
  The ghost of Haldmier the Grappler, a novice TrTm of Dithmenos (D:9)
  A two-headed ogre (D:8)
  Pikel (D:8)
  Grinder (D:4)
  A hippogriff (Temple)
  A spriggan (D:8)
  A hungry ghost (D:8)
  Grum (D:8)
  A hell hound (D:9)
  An orc warrior (D:7)
  6 sky beasts
  Purgy (Sewer)
  A black bear (D:9)
  2 ogres
  3 wolves (D:8)
  A centaur (D:8)
  3 bullfrogs
  3 scorpions
  10 killer bees
  5 electric eels (D:8)
  A howler monkey (D:5)
  2 centaur zombies
  4 crimson imps
  A jelly (D:5)
  A quasit (D:7)
  8 hounds
  An orc priest (D:4)
  4 orc wizards
  Jessica (D:2)
  An iguana (D:4)
  8 worker ants
  A killer bee zombie (D:5)
  2 hound zombies
  Robin (D:2)
  A hound skeleton (D:4)
  A worker ant zombie (D:9)
  8 adders
  10 gnolls (D:6)
  3 oozes
  An adder skeleton (D:4)
  8 worms
  A dart slug (D:2)
  12 leopard geckos
  26 orcs
  5 ball pythons
  11 bats
  4 giant cockroaches
  21 goblins
  12 hobgoblins
  2 jackals (D:7)
  10 kobolds
  3 quokkas
  2 frilled lizards
  A quokka zombie (D:9)
  8 rats
  A plant (D:8)
233 creatures vanquished.

Vanquished Creatures (collateral kills)
  A kobold (Sewer)
1 creature vanquished.

Vanquished Creatures (others)
  A sky beast (D:8)
  4 slaves (D:8)
  An eye of draining (D:8)
  An ogre (D:8)
  A hound zombie (D:8)
  An adder (D:8)
  An orc (D:8)
  A fungus (D:9)
  A plant (D:8)
12 creatures vanquished.

Grand Total: 246 creatures vanquished

Notes
Turn   | Place    | Note
-------+----------+-------------------------------------------
     0 | D:1      | Agrougrou the Demonspawn Monk began the quest for the Orb.
     0 | D:1      | Reached XP level 1. HP: 18/18 MP: 1/1
    83 | D:1      | Gained mutation: You are immune to rotting. [demonic ancestry]
    83 | D:1      | Reached XP level 2. HP: 22/24 MP: 2/2
   139 | D:1      | Reached skill level 3 in Axes
   533 | D:1      | Reached XP level 3. HP: 29/29 MP: 3/3
  1000 | D:2      | Noticed Jessica
  1035 | D:2      | Killed Jessica
  1035 | D:2      | Gained mutation: You are partially covered in molten scales. (AC +2) [demonic ancestry]
  1035 | D:2      | Reached XP level 4. HP: 27/35 MP: 4/4
  1503 | D:2      | Noticed Robin
  1512 | D:2      | Reached skill level 1 in Armour
  1541 | D:2      | Killed Robin
  1962 | D:2      | Reached skill level 4 in Axes
  2065 | D:2      | Found a hide-covered altar of Uskayaw.
  2124 | D:2      | Gained mutation: You have a pair of small horns on your head. [demonic ancestry]
  2124 | D:2      | Reached XP level 5. HP: 41/41 MP: 5/5
  2129 | D:2      | Found a stormy altar of Qazlal.
  3334 | D:4      | Noticed an ogre
  3500 | D:4      | Gained mutation: You may emit foul miasma when damaged in melee. [demonic ancestry]
  3500 | D:4      | Reached XP level 6. HP: 18/48 MP: 6/6
  3510 | D:4      | Reached skill level 5 in Axes
  3574 | D:4      | Found a white marble altar of Elyvilon.
  3575 | D:4      | Found a glowing silver altar of Zin.
  3576 | D:4      | Found a glowing golden altar of the Shining One.
  3750 | D:4      | Found a glowing drain.
  3756 | Sewer    | Entered a sewer
  3772 | Sewer    | Noticed Purgy
  3840 | Sewer    | Killed Purgy
  3985 | D:4      | Noticed Grinder
  3992 | D:3      | Reached XP level 7. HP: 54/54 MP: 7/7
  4020 | D:4      | Reached skill level 6 in Axes
  4177 | D:5      | Entered Level 5 of the Dungeon
  4254 | D:5      | Gained mutation: You have a pair of horns on your head. [mutagenic meat]
  4255 | D:5      | Gained mutation: You can translocate small distances at will. [mutagenic meat]
  4256 | D:5      | Gained mutation: Your flesh is cold resistant. (rC+) [mutagenic meat]
  4567 | D:5      | Reached skill level 7 in Axes
  4581 | D:5      | Mutation became permanent: You have a pair of small horns on your head. [demonic ancestry]
  4581 | D:5      | Gained mutation: You have a pair of horns on your head. [demonic ancestry]
  4581 | D:5      | Reached XP level 8. HP: 54/61 MP: 8/8
  5804 | D:6      | Reached skill level 8 in Axes
  6239 | D:7      | Noticed a hippogriff
  6243 | D:7      | Found a staircase to the Ecumenical Temple.
  6252 | Temple   | Entered the Ecumenical Temple
  6286 | Temple   | Became a worshipper of Warmaster Okawaru
  6286 | Temple   | Reached * piety under Okawaru
  6286 | Temple   | Reached ** piety under Okawaru
  6294 | Temple   | Killed a hippogriff
  6294 | Temple   | Reached skill level 5 in Fighting
  6887 | D:4      | You fall through a shaft for 3 floors!
  6936 | D:7      | Gained mutation: You are mostly covered in molten scales. (AC +3) [demonic ancestry]
  6936 | D:7      | Reached XP level 9. HP: 37/68 MP: 9/9
  7210 | D:4      | Killed Grinder
  7297 | D:7      | Reached skill level 9 in Axes
  7914 | D:8      | Reached *** piety under Okawaru
  7914 | D:8      | Reached skill level 5 in Armour
  8010 | D:8      | Noticed Pikel
  8039 | D:8      | Killed Pikel
  8767 | D:8      | Reached skill level 10 in Axes
  8784 | D:8      | Noticed Grum
  8800 | D:8      | Killed Grum
  8800 | D:8      | Reached **** piety under Okawaru
  8914 | D:8      | Reached XP level 10. HP: 60/77 MP: 10/10
  8933 | D:8      | Noticed Gastronok
  9113 | D:8      | Killed Gastronok
  9113 | D:8      | Reached ***** piety under Okawaru
  9334 | D:8      | Noticed a two-headed ogre
  9351 | D:8      | Killed a two-headed ogre
  9351 | D:8      | Received a gift from Okawaru
  9351 | D:8      | Reached skill level 11 in Axes
  9352 | D:8      | Got a faintly glowing chain mail {god gift}
  9369 | D:8      | Identified the +10 chain mail of Recklessness {rF+ Regen+ Dex+4} (Okawaru gifted it to you on level 8 of the Dungeon)
  9470 | D:9      | Found Geisuw Pogu's Magic Scroll Shoppe.
  9480 | D:9      | Bought a scroll of identify for 26 gold pieces
  9480 | D:9      | Bought a scroll of teleportation for 39 gold pieces
  9480 | D:9      | Bought a scroll of teleportation for 39 gold pieces
  9480 | D:9      | Bought a scroll of teleportation for 39 gold pieces
  9517 | D:9      | Found a blossoming altar of Fedhas.
  9519 | D:9      | Found an opulent altar of Gozag.
  9530 | D:9      | Noticed Haldmier's ghost (novice TrTm)
  9581 | D:9      | Killed Haldmier's ghost
  9589 | D:9      | Gained mutation: You are resistant to electric shocks. (rElec) [mutagenic meat]
 10122 | D:9      | Found a staircase to the Lair.
 10140 | D:9      | Gained mutation: You sometimes gain a little power by taking damage. [demonic ancestry]
 10140 | D:9      | Reached XP level 11. HP: 86/86 MP: 11/11
 10141 | D:9      | Quit the game

Skill      XL: |  1  2  3  4  5  6  7  8  9 10 |
---------------+-------------------------------+-----
Axes           | 3 4 5 7 8 10 11 | 11.6
Dodging        | 3 4 |  4.2
Armour         | 1 2 4 5 7 |  7.4
Fighting       | 4 5 6 7 |  7.9
Stealth        | |  1.7
Invocations    | |  0.6
Evocations     | |  0.4

Action                   |  1- 3 |  4- 6 |  7- 9 | 10-12 || total
-------------------------+-------+-------+-------+-------++-------
Melee: Hand axe          |    78 |   174 |       |       ||   252
       War axe           |       |    70 |   441 |   161 ||   672
       Headbutt          |       |    30 |    90 |    45 ||   165
       Punch             |       |       |     1 |       ||     1
Throw: Tomahawk          |       |     3 |    18 |     6 ||    27
Invok: Heroism           |       |       |     2 |     1 ||     3
 Abil: Blink             |       |       |     1 |     1 ||     2
Evoke: Wand              |       |     3 |       |       ||     3
  Use: Potion            |       |     2 |     2 |       ||     4
       Scroll            |       |     8 |     5 |     3 ||    16
 Stab: Sleeping          |     3 |       |       |       ||     3
  Eat: Chunk             |     1 |    10 |    16 |     5 ||    32
       Royal jelly       |       |       |     3 |       ||     3
       Meat ration       |       |       |     1 |       ||     1
Armor: Scale mail        |    35 |    61 |       |       ||    96
       Chain mail        |       |    22 |   162 |    74 ||   258
       Plate armour      |       |       |   172 |    19 ||   191
Dodge: Dodged            |    73 |   137 |   168 |    55 ||   433
